 Dungeon Crawl Stone Soup version 0.31-a0-819-gf6de2f5ab6 (webtiles) character file.

Game seed: 152119105005904926

33 Shayle the Trooper (level 3, 0/36 HPs)
             Began as an Ogre Hexslinger on Sept 23, 2023.
             Killed from afar by Natasha (6 damage)
             ... with a magic dart
             ... on level 2 of the Dungeon.
             The game lasted 00:01:42 (1168 turns).

Shayle the Trooper (Ogre Hexslinger)                Turns: 1168, Time: 00:01:43

Health: 0/36       AC:  3    Str: 12    XL:     3   Next: 29%
Magic:  6/6        EV: 10    Int: 16    God:
Gold:   108        SH:  0    Dex: 11    Spells: 6/6 levels left

rFire   . . .        a - +1 sling
rCold   . . .        (no shield)
rNeg    . . .        c - +0 robe
rPois   .            (helmet restricted)
rElec   .            (no cloak)
rCorr   .            (gloves unavailable)
SInv    .            (boots unavailable)
Will    .....        (no amulet)
Stlth   +            (no ring)
HPRegen 0.26/turn    (no ring)
MPRegen 0.10/turn

%: no passive effects
@: hasted, very quick
A: large, unfitting armour, tough skin 1
a: no special abilities


You were on level 2 of the Dungeon.
You visited 1 branch of the dungeon, and saw 2 of its levels.

You collected 108 gold pieces.

Inventory:

Hand Weapons
 a - a +1 sling (weapon)
Missiles
 i - 5 curare-tipped darts
Armour
 c - a +0 robe (worn)
Scrolls
 b - 2 scrolls of poison
 d - a scroll of summoning {unknown}
 g - a scroll of enchant weapon {unknown}
 h - a scroll of vulnerability {unknown}
Potions
 e - a potion of degeneration {unknown}


   Skills:
 + Level 2.7 Fighting
 - Level 1.3 Ranged Weapons
 - Level 1.7 Dodging
 + Level 2.2 Spellcasting
 - Level 2.6 Hexes
 - Level 0.8 Fire Magic
 + Level 1.5 Invocations


You had 6 spell levels left.
You didn't know any spells.
Your spell library contained the following spells:

 Spells                   Type           Power      Damage    Failure   Level
 Jinxbite                 Hex            20%        N/A       11%         2
 Sigil of Binding         Hex            10%        N/A       21%         3
 Inner Flame              Hex/Fire       7%         N/A       30%         3
 Cause Fear               Hex            5%         N/A       56%         4
 Dimensional Bullseye     Hex/Tloc       3%         N/A       75%         4


Dungeon Overview and Level Annotations

Branches:
Dungeon (2/15)

Altars:

Annotations:
D:2 Natasha


Innate Abilities, Weirdness & Mutations

You are too large for most types of armour.
You have tough skin. (AC +1)


Message History

The magic dart hits you.
* * * LOW HITPOINT WARNING * * *
You shoot a sling bullet. The sling bullet hits Natasha.
Natasha is heavily wounded.
The cerulean imp hits you but does no damage.
Natasha claws you but does no damage. The cerulean imp barely misses you.
Natasha barely misses you.
You shoot a sling bullet. The sling bullet barely misses Natasha.
The cerulean imp barely misses you. Natasha barely misses you.
You shoot a sling bullet. The sling bullet barely misses Natasha.
The cerulean imp closely misses you. Natasha claws you.
* * * LOW HITPOINT WARNING * * *
You shoot a sling bullet. The sling bullet hits Natasha.
Natasha is almost dead.
The cerulean imp hits you from afar with a +1 spear.
* * * LOW HITPOINT WARNING * * *
Natasha claws you.
* * * LOW HITPOINT WARNING * * *
The cerulean imp barely misses you. Natasha closely misses you.
Okay, then.
It was a potion of haste.
You feel yourself speed up.
The cerulean imp hits you but does no damage.
Natasha closely misses you.
The cerulean imp disappears in a puff of smoke!
A ball python comes into view.
The ball python hisses angrily.
Natasha mumbles some strange words.
Found 9 stones.
A hobgoblin comes into view.
Found a red potion.
The hobgoblin hits you.
* * * LOW HITPOINT WARNING * * *
Found 10 gold pieces.
An endoplasm comes into view.
You see here a red potion.
e - a red potion Natasha stares at you and mumbles some strange words.
The magic dart hits you.
You die...
Natasha begins licking her fur clean.

##....##S#####
.#..........###
#.#...##...#..#
#..#.h##(.#...#
#...#....#S...#
...$#..#g....#
.###.##..##..##..#
#....##..##..##..#
#...@#..#.....#
#...#....#....#
J.....#..##..#...#
#.##.#...##...#..#
# ##..........#.#
....... ......#
################


You could see Natasha and an endoplasm.

Vanquished Creatures
  A dart slug (D:1)
  2 ball pythons
  2 giant cockroaches (D:1)
  6 goblins
  4 hobgoblins
  5 jackals
  3 kobolds
  A frilled lizard (D:2)
  A rat (D:2)
25 creatures vanquished.

Notes
Turn   | Place    | Note
-------+----------+-------------------------------------------
     0 | D:1      | Shayle the Ogre Hexslinger began the quest for the Orb.
     0 | D:1      | Reached XP level 1. HP: 19/19 MP: 2/2
    89 | D:1      | Reached XP level 2. HP: 25/28 MP: 2/4
   189 | D:1      | Reached skill level 1 in Invocations
   876 | D:2      | Reached XP level 3. HP: 21/36 MP: 6/6
  1117 | D:2      | Noticed Natasha
  1129 | D:2      | HP: 1/36 [Natasha (4)]
  1168 | D:2      | Killed from afar by Natasha

Illustrated notes

Levels and vault maps discovered:
D:1:      shiori_arrival_oz, layout_basic, minmay_misc_feat_tower
D:2:      layout_loops_cross, minivault_26, uniq_natasha

Skill      XL: |  1  2 |
---------------+-------+-----
Fighting       | 2 |  2.7
Invocations    | 1 |  1.5
Spellcasting   | 2 |  2.2
Ranged Weapons | |  1.3
Dodging        | |  1.7
Hexes          | |  2.6
Fire Magic     | |  0.8

Action                     || total
---------------------------++-------
   Fire: Sling             ||   104
    Use: Potion            ||     2
 Armour: Robe              ||    57
  Dodge: Dodged            ||    57

Table legend: (Time is in decaauts)
 A = Elapsed time spent in this place.
 B = Non-inter-level travel time spent in this place.
 C = Inter-level travel time spent in this place.
 D = Time resting spent in this place.
 E = Time spent auto-exploring this place.
 F = Levels seen in this place.
 G = Mean time per level.
                   A        B        C        D        E       F      G
               +--------+--------+--------+--------+--------+-----+--------+
         Total |   1189 |   1162 |     27 |     56 |    863 |   2 |  594.5 |
       Dungeon |   1189 |   1162 |     27 |     56 |    863 |   2 |  594.5 |
               +--------+--------+--------+--------+--------+-----+--------+

Top non-repeatable levels by time:
     D:1: 883 daAuts
     D:2: 306 daAuts
